 Dungeon Crawl Stone Soup version 0.17-a0-1997-ga88ed7d (webtiles) character file.

193815 Maka the Black Belt (level 18, -15/120 HPs)
             Began as a Gargoyle Monk on Oct 8, 2015.
             Was the Champion of Okawaru.
             Demolished by Agnes
             ... wielding a +0 lajatang
              (33 damage)
             ... on level 6 of the Lair of Beasts.
             The game lasted 01:17:47 (35219 turns).

Maka the Black Belt (Gargoyle Monk)                Turns: 35219, Time: 01:17:47

Health: -15/120    AC: 40    Str: 18    XL:     18   Next: 28%
Magic:  21/21      EV: 19    Int: 11    God:    Okawaru [******]
Gold:   3364       SH:  8    Dex: 18    Spells: 0 memorised, 17 levels left

rFire  + + .     SeeInvis .       - Unarmed
rCold  . . .     Clarity  .     x - +4 scale mail {rF+}
rNeg   + . .     SustAt   .     r - +2 buckler {AC+3}
rPois  ∞         Gourm    .     A - +2 helmet
rElec  +         Spirit   .     U - +1 cloak
rCorr  +         Warding  .     s - +0 pair of gloves "Icuxzus" {rF+ Regen+ Str-4}
rMut   .         Stasis   .     I - +1 pair of boots {Fly}
MR     ++...                    Q - amulet of resist corrosion
Stlth  +.........               K - +5 ring of strength
                                q - ring of protection from magic

@: flying, very resistant to hostile enchantments, very unstealthy
A: big wings, negative energy resistance 1, electricity resistance, unbreathing,
petrification resistance, rot immunity, AC +13
a: Stop Flying, Heroism, Finesse, Renounce Religion
}: 1/15 runes: decaying


You were on level 6 of the Lair of Beasts.
You worshipped Okawaru.
Okawaru was exalted by your worship.
You were not hungry.

You visited 6 branches of the dungeon, and saw 33 of its levels.
You also visited: Sewer, Bailey and Volcano.

You collected 4350 gold pieces.
You spent 986 gold pieces at shops.

Inventory:

Missiles
 n - 4 throwing nets (quivered)
Armour
 r - a +2 buckler of protection (worn)
 s - the +0 pair of gloves "Icuxzus" (worn) {rF+ Regen+ Str-4}
   (Okawaru gifted it to you on level 3 of the Swamp)

   It affects your strength (-4).
   It protects you from fire.
   It increases your rate of regeneration.
 v - a +1 pair of gloves of dexterity
 x - a +4 scale mail of fire resistance (worn)
 y - a +2 scale mail of cold resistance
 A - a +2 helmet (worn)
 I - a +1 pair of boots of flying (worn)
 U - a +1 cloak (worn)
Rods
 S - a +0 rod of ignition (12/12)
   (You found it on level 1 of the Lair of Beasts)
Jewellery
 q - a ring of protection from magic (left hand)
 F - an uncursed ring of wizardry
 K - a +5 ring of strength (right hand)
 O - the ring "Libut" {Fire rN+ MR- SInv Stlth-}
   (You found it on level 12 of the Dungeon)

   [ring of fire]

   It enhances your fire magic, and weakens your ice magic.
   It protects you from fire.
   It makes you vulnerable to cold.
   It protects you from negative energy.
   It affects your resistance to hostile enchantments.
   It lets you see invisible.
   It makes you less stealthy.
 Q - an amulet of resist corrosion (around neck)
 X - the amulet "Zuoric" {+Rage +Fly rPois}
   (You found it on level 2 of the Lair of Beasts)

   [amulet of rage]

   It protects you from poison.
   It lets you fly.
   It lets you go berserk.
Wands
 h - a wand of digging (14)
 E - a wand of digging (11)
 G - a wand of fire (4)
 H - a wand of disintegration (11)
 J - a wand of confusion (35)
 M - a wand of cold (4)
 T - a wand of paralysis (7)
 V - a wand of lightning (9)
 Y - a wand of hasting (1)
 Z - a wand of teleportation (5)
Scrolls
 c - 11 scrolls of enchant armour
 d - 2 scrolls of fog
 e - 2 scrolls of magic mapping
 f - 7 scrolls of enchant weapon
 l - 12 scrolls of remove curse
 o - 8 scrolls of recharging
 p - 4 scrolls of blinking
 t - 3 scrolls of identify
 B - 5 scrolls of fear
 C - 8 scrolls of teleportation
 L - a scroll of holy word
Potions
 g - 5 potions of heal wounds
 i - 3 potions of resistance
 j - 6 potions of berserk rage
 k - 3 potions of might
 m - 16 potions of curing
 w - a potion of cure mutation {unknown}
 D - 2 potions of cancellation
 P - 2 potions of haste
 R - 3 potions of magic
 W - 3 potions of agility
Books
 u - a book of Conjurations

   Spells                             Type                      Level
   a - Magic Dart                     Conjuration                  1
   b - Searing Ray                    Conjuration                  2
   c - Dazzling Spray                 Conjuration/Hexes            3
   d - Fulminant Prism                Conjuration/Hexes            4
   e - Iskenderun's Mystic Blast      Conjuration                  4
   f - Iskenderun's Battlesphere      Conjuration/Charms           5
Miscellaneous
 N - 3 phantom mirrors
Comestibles
 a - 15 bread rations
 b - 6 meat rations


   Skills:
 - Level 16.0 Fighting
 - Level 13.0 Armour
 - Level 13.0 Dodging
 - Level 2.1 Stealth
 - Level 6.1 Shields
 + Level 18.1 Unarmed Combat
   Level 2.0 Transmutations
 - Level 5.0 Invocations


You had 17 spell levels left.
You didn't know any spells.

Dungeon Overview and Level Annotations

Branches:
Dungeon (15/15)            Temple (1/1) D:6            Lair (8/8) D:10
  Swamp (4/4) Lair:6       Spider (1/4) Lair:6        Slime (0/6) Lair:8
    Orc (4/4) D:10            Elf (0/3) Orc:3        Vaults (0/5) D:13
 Depths (0/5) D:15

Altars:
Ashenzari
Dithmenos
Elyvilon
Fedhas
Gozag
Kikubaaqudgha
Makhleb
Nemelex Xobeh
Okawaru
Qazlal
Ru
Trog
Vehumet
Xom
Yredelemnul
Zin
The Shining One
Beogh

Shops:
D:8 =   D:9 }   Orc:1 !=   Orc:4 }:=([

Portals:
Trove: D:13 (give +4 ice dragon armour)

Annotations:
Lair:6 Agnes


Innate Abilities, Weirdness & Mutations

You are resistant to torment.
Your stone body is resilient (AC +13).
You are immune to poison.
Your large and strong wings let you fly indefinitely.
You resist negative energy.
You are resistant to electric shocks.
You can survive without breathing.
You are immune to petrification.
You are immune to rotting.


Message History

You miss Agnes.
Agnes is heavily wounded.
Agnes hits you but does no damage.
You closely miss Agnes.
Agnes is heavily wounded.
Agnes hits you with a lajatang. Agnes completely misses you.
You pummel Agnes!!
Agnes is severely wounded.
Agnes misses you.
You punch Agnes!
Agnes is severely wounded.
Agnes hits you with a lajatang!
You barely miss Agnes.
Agnes is severely wounded.
Agnes hits you with a lajatang. Agnes hits you with a lajatang!!
* * * LOW HITPOINT WARNING * * *
You barely miss Agnes.
Agnes is severely wounded.
Agnes hits you with a lajatang!!
You die...

##......#......................#
##.....##.......>.............##
#.....###........##.....#......#
###..## #...^...##.#.#####.#....
##P..P# #......^.^.##.## ####...
#P...#♣ #.........^.##.# #....
#♣♣♣♣♣♣#....^##...^.#### ##....
♣♣§§§♣♣♣...##^.^.....# #....#
#♣♣§§≈§§♣..###.^@^#...### ##....
...§≈>§♣♣♣###.^i.^^#....# ##...
..♣♣§§≈♣♣..###^..^.##.PP# #...P
#.♣♣≈§≈♣♣..........##...# #....
...♣♣♣♣♣#..^........#.P.# #...#
...♣..♣♣#.............PP# #....
#....................P(P# #....
.#.....##.#.............# ##...
#..#..#####.....#.....### #....


You could see Agnes (berserk).

Vanquished Creatures
  the Lernaean hydra (Swamp:4)
  Rupert (Lair:4)
  Gastronok (D:12)
  2 thorn hunters
  Kirke (D:13)
  An orc warlord (Orc:4)
  A very ugly thing (Swamp:3)
  Nessos (Lair:5)
  Snorg (Lair:5)
  8 vault guards (D:13)
  A fire dragon (D:9)
  Josephine (Lair:6)
  The ghost of zoolka the Severer, a journeyman MiFi of Okawaru (D:11)
  21 hydras
  6 catoblepae
  16 alligators
  A ghost crab (Swamp:3)
  A centaur warrior (D:15)
  3 tengu warriors (D:15)
  16 death yaks
  2 orc high priests (Orc:4)
  Sonja (Lair:4)
  4 skeletal warriors (D:15)
  3 unseen horrors
  A giant orange brain (D:15)
  2 shambling mangroves
  8 swamp dragons (Swamp:4)
  Pikel (D:2)
  2 orc knights
  5 ugly things
  A griffon (Lair:6)
  5 hill giants
  The ghost of Ordine the Fighter, a novice OpFi of Dithmenos (D:6)
  2 hornets (Swamp:3)
  An orb spider (shapeshifter) (D:13)
  2 orc sorcerers (Orc:4)
  2 cyclopes
  2 manticores
  A salamander (D:15)
  3 black mambas
  11 spiny frogs
  9 elephants
  An efreet (D:14)
  8 komodo dragons
  A freezing wraith (D:15)
  5 fire drakes
  4 trolls
  A polar bear (Lair:8)
  A spriggan druid (Lair:4)
  2 tengu conjurers (D:15)
  7 giant leeches
  A queen bee (D:9)
  A boulder beetle (Lair:8)
  A two-headed ogre (Volcano)
  4 bog bodies
  A trapdoor spider zombie (D:9)
  6 spriggans
  16 blink frogs
  5 trapdoor spiders
  5 shadows
  A redback (shapeshifter) (D:15)
  12 hippogriffs
  5 fire bats (Lair:3)
  4 wraiths (Lair:6)
  5 basilisks
  2 hogs (D:13)
  A wyvern (D:13)
  57 yaks
  7 wolves
  4 wargs
  26 insubstantial wisps
  8 water moccasins
  14 vampire mosquitoes
  A soldier ant (D:10)
  27 swamp worms
  4 porcupines
  A hell hound (Volcano)
  2 hungry ghosts
  A slave (D:2)
  11 swamp drakes
  An eye of draining (D:10)
  2 sky beasts
  4 phantoms
  63 orc warriors
  11 ice beasts
  A black bear (Lair:4)
  11 ogres
  14 wasps
  A necrophage (D:10)
  7 centaurs
  19 crocodiles
  Blork the orc (D:5)
  A gnoll sergeant (D:12)
  19 giant frogs
  4 brain worms (D:15)
  A water moccasin zombie (D:7)
  A wyvern skeleton (D:10)
  6 jellies
  2 scorpions (D:13)
  37 killer bees
  An electric eel (Lair:5)
  10 wights
  12 crimson imps
  4 centaur zombies
  47 orc priests
  Crazy Yiuf (D:3)
  Ijyb (D:1)
  4 centaur skeletons
  A giant frog skeleton (D:7)
  3 hounds
  8 iguanas
  45 orc wizards
  Terence (D:2)
  4 worker ants
  3 sheep (Lair:8)
  A hound zombie (D:10)
  3 worker ant zombies
  13 adders
  14 gnolls
  36 river rats
  5 shadow imps
  5 oozes (Sewer)
  An adder skeleton (D:8)
  12 giant geckos
  291 orcs
  15 giant cockroaches
  8 goblins
  12 hobgoblins
  10 jackals
  6 quokkas
  14 ball pythons
  12 bats
  17 giant newts
  22 kobolds
  A quokka zombie (D:5)
  5 rats
  2 briar patches (Swamp:3)
  3 fungi
  A plant (Lair:1)
1277 creatures vanquished.

Vanquished Creatures (others)
  A spiny frog (Lair:8)
  A bog body (Swamp:2)
  A two-headed ogre (Volcano)
  A basilisk (Lair:5)
  2 hogs (Volcano)
  A deep elf fighter (Volcano)
  2 water moccasins (Lair:8)
  A human (D:13)
  An orc warrior (Volcano)
  A scorpion (D:7)
  2 bushes (D:7)
  5 fungi
  7 plants (Lair:8)
26 creatures vanquished.

Grand Total: 1303 creatures vanquished

Notes
Turn   | Place    | Note
--------------------------------------------------------------
     0 | D:1      | Maka the Gargoyle Monk began the quest for the Orb.
     0 | D:1      | Reached XP level 1. HP: 14/14 MP: 1/1
   400 | D:1      | Reached XP level 2. HP: 16/19 MP: 2/2
   965 | D:1      | Reached XP level 3. HP: 23/23 MP: 3/3
  1215 | D:1      | Reached skill level 5 in Unarmed Combat
  1274 | D:2      | Found a shattered altar of Ashenzari.
  1521 | D:2      | Noticed Ijyb
  1653 | D:1      | Killed Ijyb
  1653 | D:1      | Reached XP level 4. HP: 6/28 MP: 4/4
  1662 | D:1      | HP: 1/28 [quokka (3)]
  2034 | D:2      | Found a burning altar of Makhleb.
  2123 | D:2      | Found a white marble altar of Elyvilon.
  2405 | D:2      | Noticed Terence
  2419 | D:2      | Killed Terence
  2419 | D:2      | Reached skill level 6 in Unarmed Combat
  2419 | D:2      | Reached XP level 5. HP: 17/32 MP: 5/5
  3017 | D:3      | Found a glowing drain.
  3022 | Sewer    | Entered a sewer
  3449 | Sewer    | Reached skill level 7 in Unarmed Combat
  3500 | Sewer    | Reached XP level 6. HP: 34/37 MP: 6/6
  4050 | D:3      | Noticed Crazy Yiuf
  4062 | D:3      | Killed Crazy Yiuf
  4062 | D:3      | Reached skill level 1 in Armour
  4644 | D:3      | Reached XP level 7. HP: 37/41 MP: 7/7
  4978 | D:4      | Noticed Pikel
  5161 | D:2      | Killed Pikel
  5161 | D:2      | Reached skill level 5 in Armour
  5161 | D:2      | Reached skill level 8 in Unarmed Combat
  5161 | D:2      | Reached XP level 8. HP: 28/46 MP: 8/8
  5582 | D:5      | Entered Level 5 of the Dungeon
  5606 | D:5      | Noticed Blork the orc
  5619 | D:5      | Killed Blork the orc
  5902 | D:5      | Reached skill level 9 in Unarmed Combat
  5933 | D:5      | Found a glowing silver altar of Zin.
  5934 | D:5      | Found an opulent altar of Gozag.
  6585 | D:6      | Reached skill level 10 in Unarmed Combat
  6650 | D:6      | Reached XP level 9. HP: 29/51 MP: 9/9
  6701 | D:6      | Noticed Ordine's ghost (novice OpFi)
  6795 | D:6      | Killed Ordine's ghost
  6795 | D:6      | Reached skill level 5 in Fighting
  7481 | D:6      | Found a sparkling altar of Nemelex Xobeh.
  7481 | D:6      | Found a sacrificial altar of Ru.
  7690 | D:6      | Found a staircase to the Ecumenical Temple.
  7696 | Temple   | Entered the Ecumenical Temple
  7731 | Temple   | Became a worshipper of Warmaster Okawaru
  7731 | Temple   | Acquired Okawaru's first power
  8029 | D:7      | Reached skill level 11 in Unarmed Combat
  8201 | D:7      | Found a blossoming altar of Fedhas.
  8204 | D:7      | Found a stormy altar of Qazlal.
  8285 | D:7      | Found a basalt altar of Yredelemnul.
  8287 | D:7      | Noticed a profane servitor
  8297 | D:7      | Found a glowing golden altar of the Shining One.
  8299 | D:7      | Noticed an angel
  8536 | D:8      | Found Xuirr's Jewellery Shoppe.
  8546 | D:8      | Bought a cursed -3 ring of protection for 24 gold pieces
  9214 | D:7      | Noticed a hill giant
  9230 | D:7      | Killed a hill giant
  9230 | D:7      | Reached XP level 10. HP: 29/60 MP: 10/10
  9435 | D:7      | Got a warped scale mail
  9446 | D:7      | Identified the cursed +0 scale mail of Oxzafe {rPois rC+ Int-5} (You found it on level 7 of the Dungeon)
  9450 | D:7      | Noticed a cyclops
  9450 | D:7      | Noticed a cyclops
  9450 | D:7      | Noticed a tengu conjurer
  9696 | D:7      | Reached skill level 12 in Unarmed Combat
  9712 | D:7      | Killed a cyclops
 10425 | D:9      | Found Tenuixt's Gadget Boutique.
 10442 | D:9      | Reached skill level 13 in Unarmed Combat
 10509 | D:9      | Noticed a fire dragon
 10638 | D:9      | Killed a fire dragon
 10638 | D:9      | Reached XP level 11. HP: 41/64 MP: 11/11
 10944 | D:9      | Reached skill level 14 in Unarmed Combat
 10964 | D:9      | Acquired Okawaru's second power
 11529 | D:10     | Entered Level 10 of the Dungeon
 11546 | D:10     | Received a gift from Okawaru
 11594 | D:10     | Found a roughly hewn altar of Beogh.
 11703 | D:10     | Found a flagged portal.
 11793 | D:10     | Reached skill level 15 in Unarmed Combat
 11913 | Bailey   | Entered a bailey
 12056 | Bailey   | Noticed an orc knight
 12169 | Bailey   | Killed an orc knight
 12169 | Bailey   | Received a gift from Okawaru
 12587 | D:10     | Noticed a hill giant
 12598 | D:10     | Killed a hill giant
 13099 | D:10     | Found a staircase to the Orcish Mines.
 13362 | D:10     | Reached XP level 12. HP: 45/73 MP: 12/12
 13459 | D:10     | Reached skill level 5 in Dodging
 13480 | D:10     | Found a staircase to the Lair.
 13522 | Lair:1   | Entered Level 1 of the Lair of Beasts
 13615 | Lair:1   | Found a glowing silver altar of Zin.
 13629 | Lair:1   | Noticed an eight-headed hydra
 13650 | Lair:1   | Killed an eight-headed hydra
 13897 | Lair:1   | Identified a +0 rod of ignition (12/12) (You found it on level 1 of the Lair of Beasts)
 14677 | Lair:2   | Got a transparent zirconium amulet
 15061 | Lair:3   | Identified the amulet "Zuoric" {+Rage +Fly rPois} (You found it on level 2 of the Lair of Beasts)
 15221 | Lair:3   | Received a gift from Okawaru
 15485 | Lair:3   | Noticed an eight-headed hydra
 15526 | Lair:3   | Killed an eight-headed hydra
 15526 | Lair:3   | Reached skill level 10 in Armour
 15794 | Lair:3   | Noticed a catoblepas
 15808 | Lair:3   | Killed a catoblepas
 15808 | Lair:3   | Reached XP level 13. HP: 44/78 MP: 13/13
 15969 | Lair:4   | Noticed Sonja
 15988 | Lair:4   | Killed Sonja
 16039 | Lair:4   | You fall through a shaft for 3 floors!
 16344 | Lair:5   | Reached skill level 10 in Dodging
 16350 | Lair:5   | Found a dark tunnel.
 16358 | Volcano  | Entered a volcano
 16580 | Lair:5   | Noticed Snorg
 16598 | Lair:5   | Killed Snorg
 16992 | Lair:4   | Noticed Rupert
 17026 | Lair:4   | Killed Rupert
 17381 | Lair:4   | Received a gift from Okawaru
 17652 | Lair:5   | Noticed Nessos
 17981 | Lair:5   | Killed Nessos
 18476 | Lair:6   | Noticed Josephine
 18490 | Lair:6   | Killed Josephine
 18495 | Lair:6   | Received a gift from Okawaru
 18654 | Lair:6   | Gained mutation: Your large and strong wings let you fly indefinitely. [Gargoyle growth]
 18654 | Lair:6   | Reached XP level 14. HP: 81/84 MP: 14/14
 18824 | Lair:6   | Found a hole to the Spider Nest.
 18982 | Lair:6   | Found a staircase to the Swamp.
 20600 | Lair:8   | Entered Level 8 of the Lair of Beasts
 21079 | Lair:8   | Received a gift from Okawaru
 21991 | Lair:8   | Found a staircase to the Slime Pits.
 22758 | Lair:8   | Reached XP level 15. HP: 86/92 MP: 15/15
 22768 | Lair:8   | Reached skill level 10 in Fighting
 23224 | Lair:8   | Identified the Incunabulum of Conjuration and Flight
 23399 | Lair:8   | Received a gift from Okawaru
 23582 | Orc:1    | Entered Level 1 of the Orcish Mines
 23648 | Orc:1    | Found Kobleera's Distillery.
 23666 | Orc:1    | Bought a potion of experience for 650 gold pieces
 23666 | Orc:1    | Reached XP level 16. HP: 101/101 MP: 15/19
 23667 | Orc:1    | Bought a potion of curing for 39 gold pieces
 23667 | Orc:1    | Bought a potion of curing for 39 gold pieces
 23667 | Orc:1    | Bought a potion of resistance for 130 gold pieces
 23667 | Orc:1    | Bought a potion of curing for 39 gold pieces
 23667 | Orc:1    | Bought a potion of heal wounds for 65 gold pieces
 23987 | Orc:4    | Entered Level 4 of the Orcish Mines
 23987 | Orc:4    | Found Kypseor's Jewellery Emporium.
 24465 | Orc:3    | Found a staircase to the Elven Halls.
 25071 | Orc:1    | Found Xicwuu Tema's Jewellery Shop.
 25230 | Orc:1    | Found a bloodstained altar of Trog.
 25887 | Orc:4    | Found a roughly hewn altar of Beogh.
 26093 | Orc:4    | Found a roughly hewn altar of Beogh.
 26210 | Orc:4    | Found a roughly hewn altar of Beogh.
 26229 | Orc:4    | Found Fuujuk's Gadget Shoppe.
 26267 | Orc:4    | Found a roughly hewn altar of Beogh.
 26356 | Orc:4    | Found a roughly hewn altar of Beogh.
 26389 | Orc:4    | Found Guprebua's Book Emporium.
 26922 | Orc:4    | Found Mateg's Antique Weapon Shoppe.
 26922 | Orc:4    | Found a roughly hewn altar of Beogh.
 26940 | Orc:4    | Found Kaceruk's Antique Armour Emporium.
 27040 | Orc:4    | Found a roughly hewn altar of Beogh.
 28466 | D:12     | Got an ancient bone ring
 28503 | D:12     | Noticed Gastronok
 28520 | D:12     | Killed Gastronok
 28562 | D:11     | Noticed zoolka's ghost (journeyman MiFi)
 28588 | D:11     | Killed zoolka's ghost
 29025 | D:12     | Reached skill level 5 in Invocations
 29059 | D:13     | Identified the ring "Libut" {Fire rN+ MR- SInv Stlth-} (You found it on level 12 of the Dungeon)
 29061 | D:13     | Got a faintly humming helmet
 29072 | D:13     | Identified the +1 helmet of Impressiveness {Str+2} (You found it on level 13 of the Dungeon)
 29178 | D:13     | Noticed Kirke
 29178 | D:13     | Reached skill level 16 in Unarmed Combat
 29290 | D:13     | Killed Kirke
 29334 | D:13     | Found a portal to a secret trove of treasure.
 29525 | D:13     | Found a gate to the Vaults.
 29557 | D:13     | Received a gift from Okawaru
 29785 | D:13     | Reached XP level 17. HP: 73/108 MP: 20/20
 30404 | D:14     | Found a stormy altar of Qazlal.
 30460 | D:14     | Identified a scroll of acquirement
 30488 | D:15     | Entered Level 15 of the Dungeon
 30581 | D:15     | Reached skill level 17 in Unarmed Combat
 30626 | D:15     | Reached skill level 1 in Shields
 30727 | D:15     | Found a staircase to the Depths.
 31020 | D:15     | Reached skill level 5 in Shields
 31163 | D:15     | Found a glowing golden altar of the Shining One.
 32112 | Swamp:1  | Entered Level 1 of the Swamp
 33423 | Swamp:3  | Received a gift from Okawaru
 33430 | Swamp:3  | Reached skill level 15 in Fighting
 33443 | Swamp:3  | Got a pair of shimmering gloves {god gift}
 33456 | Swamp:2  | Identified the +0 pair of gloves "Icuxzus" {rF+ Regen+ Str-4} (Okawaru gifted it to you on level 3 of the Swamp)
 34187 | Swamp:4  | Entered Level 4 of the Swamp
 34300 | Swamp:4  | Got a faintly humming buckler
 34322 | Swamp:4  | Identified the cursed -2 buckler of Hituset {Int+3 Dex+3} (You found it on level 4 of the Swamp)
 34430 | Swamp:4  | Reached XP level 18. HP: 102/120 MP: 21/21
 34552 | Swamp:4  | Noticed the 27-headed Lernaean hydra
 34656 | Swamp:4  | Killed the 27-headed Lernaean hydra
 34672 | Swamp:4  | Reached skill level 18 in Unarmed Combat
 34712 | Swamp:4  | Got a decaying rune of Zot
 35191 | Spider:1 | Entered Level 1 of the Spider Nest
 35191 | Spider:1 | Noticed Agnes
 35219 | Lair:6   | Demolished by Agnes

Vault maps used:
D:1:      dpeg_arrival_tiny_g
D:2:      elyvilon_altar_5, lemuel_coloured_pillars_altar, ashenzari_altar_1,
          uniq_iyjb, uniq_terence
D:3:      lightli_sewer_entry_pipes, first_bread, uniq_crazy_yiuf_cottage
D:4:      uniq_pikel
D:5:      grunt_temple_overflow_gold_and_silver, uniq_blork_the_orc
D:6:      gammafunk_temple_overflow_elements, temple_statues
D:7:      minmay_klotski, grunt_temple_overflow_holy_war,
          grunt_temple_overflow_forces_of_nature
D:8:      serial_shops, shop
D:9:      dragon1_lemuel, serial_shops, kennysheep_mini, david_nohive_1
D:10:     lair_0_dummy, david_orc_5, enter_bailey_8
D:12:     grunt_ministairs_11, uniq_gastronok
D:13:     erik_vaults_2, enter_trove_3, uniq_kirke
D:14:     basic_altar, grunt_decor_mini_mirrors
D:15:     hangedman_depths_entry_try_elsewhere_first, tso_altar,
          minmay_brain_eaters
Temple:   cyrus_temple_forest_13
Lair:1:   basic_altar, pond, infiniplex_staircase_pool_2, lemuel_fruit_fields
Lair:2:   st_stairs_7, minivault_26, minivault_27
Lair:3:   nicolae_quartered_pool_medium, st_stairs_11, serial_bayou_crossing
Lair:4:   portal_ice_cave_entry_ice_beasts, kilobyte_rumbling_trees,
          uniq_rupert, uniq_sonja
Lair:5:   nicolae_volcano_entry_lava_flow, infiniplex_staircase_pool,
          uniq_snorg, uniq_nessos
Lair:6:   minmay_swamp_entry_worms, spider_nest_entry_webs, uniq_josephine
Lair:7:   grunt_megastairs_3
Lair:8:   evilmike_catoblepas_cave, slime_dummy, lemuel_old_faithful
Swamp:1:  evilmike_swamp_ruin_rubble_2
Swamp:2:  nicolae_swamp_trees_clearing
Swamp:3:  evilmike_swamp_ruin_rubble_1, swamp_pool4,
          nicolae_swamp_alligator_family
Swamp:4:  swamp_alternative, swamp_pool4
Spider:1: uniq_nikola, uniq_frances, uniq_agnes
Orc:1:    serial_shops, shop, nicolae_shop_crystal, trog_book
Orc:3:    nicolae_orc_pool_cavern
Orc:4:    grunt_orc_community_town_hall, grunt_orc_community_big_house_2,
          grunt_orc_community_big_house_2, grunt_orc_community_house_3,
          grunt_orc_community_house_3, grunt_orc_community_house_2,
          grunt_orc_community_house_2, grunt_orc_community_house_3,
          grunt_orc_community_house_1, serial_shops, shop, guppyfry_library_mini
Sewer:    sewer_frog_island_02
Bailey:   bailey_axe_4, bailey
Volcano:  volcano_village

Action                   |  1- 3 |  4- 6 |  7- 9 | 10-12 | 13-15 | 16-18 || total
-------------------------+-------+-------+-------+-------+-------+-------++-------
Melee: Unarmed           |   152 |   398 |   355 |  1038 |  1287 |  2295 ||  5525
Invok: Heroism           |       |       |       |     4 |     1 |     4 ||     9
       Finesse           |       |       |       |       |       |     1 ||     1
 Abil: Fly               |       |       |       |       |     1 |     2 ||     3
Evoke: Wand              |       |       |     5 |     4 |     5 |       ||    14
  Use: Scroll            |     4 |     2 |    11 |    15 |     4 |     5 ||    41
       Potion            |       |     1 |       |     2 |     5 |     2 ||    10
 Stab: Sleeping          |     6 |     4 |     1 |     5 |     1 |       ||    17
       Distracted        |       |       |       |     1 |     1 |       ||     2
       Petrified         |       |       |       |       |     2 |       ||     2
       Petrifying        |       |       |       |       |     1 |       ||     1
       Confused          |       |       |       |       |       |     1 ||     1
  Eat: Chunk             |     2 |     8 |     3 |     8 |     7 |     3 ||    31
       Meat ration       |       |     1 |     1 |       |       |     5 ||     7
       Beef jerky        |       |       |     2 |       |     1 |       ||     3
       Pizza             |       |       |     1 |       |       |     2 ||     3
       Fruit             |       |       |       |     3 |    16 |     5 ||    24
       Bread ration      |       |       |       |     2 |       |     1 ||     3
       Royal jelly       |       |       |       |     3 |     4 |     1 ||     8
